[Event "*** SCC Grand Prix: Titled Tuesday Blitz"]
[Site "Chess.com"]
[Date "2020.09.08"]
[Round "1"]
[White "queen_iryna"]
[Black "gross-aleks"]
[Result "0-1"]
[WhiteElo "2292"]
[BlackElo "2613"]
[TimeControl "180+1"]
[EndTime "10:06:42 PDT"]
[Termination "gross-aleks won by resignation"]

1. d4 Nf6 2. Nc3 d5 3. Bf4 e6 4.
e3 Bd6 5. Nf3 Bxf4 6. exf4 Nbd7 7. Bd3 c5 8. dxc5 Nxc5 9. O-O O-O 10. Ne5 g6 11. Ne2 Qb6 12. Rb1 Bd7 13. Nd4 Rac8 14. c3 Rfd8 15. Bc2 Nce4 16. Re1 Be8 17. Bxe4 Nxe4 18.
f3 Nf6 19. Qb3 Qa6 20. Kh1 Nd7 21. Nxd7 Bxd7 22. Qd1 Rc4 23. Qe2 Qd6 24. Qe5 Qxe5 25. Rxe5 Rdc8 26. Rbe1 b5 27. a3 a5 28. Rd1 b4 29. cxb4 axb4 30. axb4 Rxb4 31. Re2 Ba4 32. Red2 Bxd1 33. Rxd1 Rxd4 0-1

[Event "*** SCC Grand Prix: Titled Tuesday Blitz"]
[Site "Chess.com"]
[Date "2020.09.08"]
[Round "1"]
[White "Hasangatin_Ramil"]
[Black "narutosmith"]
[Result "1-0"]
[WhiteElo "2587"]
[BlackElo "2258"]
[TimeControl "180+1"]
[EndTime "10:06:42 PDT"]
[Termination "Hasangatin_Ramil won on time"]

1. e4 c5 2. Nf3 Nc6 3. Bb5 g6 4. O-O Bg7 5. c3 Nf6 6. Qa4 O-O 7. d4 cxd4 8. cxd4 a6 9. d5 Rb8 10. Bxa6 Ra8 11. dxc6 Rxa6 12. Qb4 bxc6 13. Nc3 Rb6 14.
Qa5 Ra6 15. Qxd8 Rxd8 16. Bg5 h6 17. Bh4 Rb6 18. e5 Nd5 19. Nxd5 cxd5 20. Bxe7 Re8 21. Ba3 d4 22. Rfd1 Bb7 23. Rxd4 Bxf3 24. gxf3 Rxe5 25. Rd2 Rf5 26. Kg2 Rg5+ 27. Kf1 Re6 28. Rxd7 Be5 29.
Rd5 Bxh2 30. Rxg5 hxg5 31. b4 Be5 32. Rb1 Ra6 33. Rb3 Kg7 34. b5 Rb6 35. Bc5 Rb7 36.
a4 Kf6 37. a5 Rb8 38. a6 Ra8 39. a7 Rc8 40. b6 1-0

[Event "*** SCC Grand Prix: Titled Tuesday Blitz"]
[Site "Chess.com"]
[Date "2020.09.08"]
[Round "1"]
[White "kuban1991"]
[Black "Kislov_Oleg"]
[Result "1-0"]
[WhiteElo "2743"]
[BlackElo "2383"]
[TimeControl "180+1"]
[EndTime "10:06:43 PDT"]
[Termination "kuban1991 won by resignation"]

1. Nf3 d5 2. g3 Nf6 3. Bg2 c6 4. O-O Bg4 5. Ne5 Bh5 6. d4 Nbd7 7. c4 e6 8. Nc3 Nxe5 9. dxe5 Nd7 10. cxd5 cxd5 11. f4 Bc5+ 12. Kh1 O-O 13. h3 Rc8 14.
Qe1 Bg6 15. g4 f5 16. gxf5 Bxf5 17. e4 dxe4 18. Nxe4 Qb6 19. Nxc5 Nxc5 20. Qf2 Be4 21. Be3 Bxg2+ 22. Qxg2 Qc6 23. Qxc6 Rxc6 24. Rad1 b6 25. Kg2 g6 26. Kf3 Rf7 27. b3 Kg7 28. Rd2 Nd7 29. Rfd1 Nxe5+ 30. Ke4 Nc4 31. bxc4 Rxc4+ 32. Rd4 Rc2 33.
R1d2 Rc3 34. Rd7 Rc7 35. Bd4+ Kh6 36. Rxf7 Rxf7 37. Be5 Kh5 38. Rd6 Kh4 39. Rd3 b5 40.
a3 a5 41. Bc3 b4 42. axb4 axb4 43. Bxb4 Rf5 44. Be7+ Kh5 45. Rd6 Ra5 46. Rxe6 Ra3 47. Bxa3 1-0

[Event "*** SCC Grand Prix: Titled Tuesday Blitz"]
[Site "Chess.com"]
[Date "2020.09.08"]
[Round "1"]
[White "QuintilianoR"]
[Black "champ1000"]
[Result "1-0"]
[WhiteElo "2619"]
[BlackElo "2298"]
[TimeControl "180+1"]
[EndTime "10:06:43 PDT"]
[Termination "QuintilianoR won by resignation"]

1. e4 e5 2. Nf3 Nc6 3. Bc4 Bc5 4. O-O Nf6 5. d3 O-O 6. h3 a6 7. c3 d6 8. Bb3 h6 9. Re1 Ba7 10. Nbd2 Ne7 11. Nf1 Ng6 12. Ng3 c6 13. d4 Qc7 14.
Be3 Re8 15. Qd2 Be6 16. Bc2 Rad8 17. Rad1 d5 18. Nxe5 Nxe5 19. dxe5 Nxe4 20. Nxe4 dxe4 21. Qe2 Bxe3 22. Qxe3 Qxe5 23. Rxd8 Rxd8 24. Bxe4 Bd5 25. Bh7+ 1-0

[Event "*** SCC Grand Prix: Titled Tuesday Blitz"]
[Site "Chess.com"]
[Date "2020.09.08"]
[Round "1"]
[White "maxip32"]
[Black "MikaelyanArman"]
[Result "0-1"]
[WhiteElo "2380"]
[BlackElo "2741"]
[TimeControl "180+1"]
[EndTime "10:06:44 PDT"]
[Termination "MikaelyanArman won on time"]

1. e4 e5 2. Nf3 Nc6 3. Bc4 Bc5 4. O-O d6 5. d3 Nf6 6. c3 a6 7. a4 Ba7 8. Na3 O-O 9. Nc2 Ne7 10. Be3 Bxe3 11.
Nxe3 Ng6 12. Re1 c6 13. Bb3 Be6 14. Bc2 d5 15. exd5 cxd5 16. d4 e4 17. Ne5 Qd6 18. Nxg6 fxg6 19. Qe2 Rf7 20. Rf1 Raf8 21. f3 exf3 22.
Rxf3 Re7 23. Qf2 Rfe8 24. h3 Bd7 25. Rf1 a5 26. Bd3 b6 27. b3 Be6 28. Rb1 Rc8 29. Qd2 Rec7 30. Rc1 Qa3 31. Rb1 Rxc3 32. Bc4 Ne4 0-1

[Event "*** SCC Grand Prix: Titled Tuesday Blitz"]
[Site "Chess.com"]
[Date "2020.09.08"]
[Round "1"]
[White "Bykov_Egor"]
[Black "chesslh19"]
[Result "1-0"]
[WhiteElo "2545"]
[BlackElo "2209"]
[TimeControl "180+1"]
[EndTime "10:06:46 PDT"]
[Termination "Bykov_Egor won by resignation"]

1. d4 Nf6 2. c4 e6 3. Nc3 d5 4. Nf3 c5 5. cxd5 cxd4 6. Qa4+ Bd7 7. Qxd4 exd5 8. Bg5 Nc6 9. Qe3+ Be6 10. Nd4 Nxd4 11.
Qxd4 Be7 12. e3 O-O 13. Bd3 h6 14. Bh4 Qb6 15. Qxb6 axb6 16. Ke2 Rfe8 17. Nb5 Ne4 18. Bxe7 Rxe7 19. a3 Nc5 20. Rac1 Bd7 21. Nc7 Nxd3 22.
Nxa8 Nxc1+ 23. Rxc1 Bb5+ 24. Kd2 Bc6 25. Nxb6 d4 26. exd4 Bxg2 27. d5 Kh7 28. d6 Re8 29. d7 Rd8 30. Rc8 1-0

[Event "*** SCC Grand Prix: Titled Tuesday Blitz"]
[Site "Chess.com"]
[Date "2020.09.08"]
[Round "1"]
[White "elohunter1999"]
[Black "Oleksandr_Bortnyk"]
[Result "0-1"]
[WhiteElo "2455"]
[BlackElo "2929"]
[TimeControl "180+1"]
[EndTime "10:06:47 PDT"]
[Termination "Oleksandr_Bortnyk won on time"]

1. e4 Nf6 2. e5 Nd5 3. d4 d6 4. Nf3 dxe5 5. Nxe5 c6 6. Be2 Bf5 7.
O-O Nd7 8. Nf3 e6 9. c4 N5f6 10.
Nc3 Bd6 11. Nh4 Bg6 12. g3 O-O 13. Nxg6 hxg6 14. Bf3 e5 15. d5 Qc7 16. Bg5 Rfe8 17. Re1 Bc5 18. Qd2 a5 19. Rad1 Bd4 20. Be3 c5 21.
Nb5 Qb6 22. Bg2 a4 23. a3 Rad8 24. Bxd4 cxd4 25. f4 d3+ 26. Qe3 e4 27. d6 Qxe3+ 28. Rxe3 Nb6 29. c5 Nc4 30. Ree1 Nxb2 31. Rb1 d2 32.
Rf1 Nd3 33. Nc7 Rf8 34. Rfd1 e3 35. Bf1 Nxc5 0-1

[Event "*** SCC Grand Prix: Titled Tuesday Blitz"]
[Site "Chess.com"]
[Date "2020.09.08"]
[Round "1"]
[White "NotFischer"]
[Black "aliba25"]
[Result "0-1"]
[WhiteElo "2217"]
[BlackElo "2555"]
[TimeControl "180+1"]
[EndTime "10:06:47 PDT"]
[Termination "aliba25 won on time"]

1. e4 e5 2. Bc4 Nc6 3. Nc3 Nf6 4. d3 Bc5 5. f4 d6 6. Nf3 Ng4 7. f5 Nf2 8. Qe2 Nxh1 9. Ng5 Qe7 10. Bxf7+ Kd8 11. Nd5 Qf8 12. Qh5 h6 13. Be6 Bd7 14.
Nf7+ Kc8 15. Bxd7+ Kxd7 16. Nxh8 Qxh8 17. Qf7+ Kd8 18. Nxc7 Kc8 19. Nxa8 Kb8 20. Nc7 Qd8 21. Ne6 Qa5+ 22. c3 a6 23. Bd2 Qb6 24. O-O-O Nf2 25. Qe8+ Ka7 26. Rf1 Nxd3+ 27. Kd1 Nxb2+ 28. Ke2 Qb5+ 29. Ke1 Nd3+ 30. Ke2 Nd4+ 31. cxd4 Qxe8 32. Kxd3 Qb5+ 33.
Kc2 Qxf1 34. dxc5 dxc5 35. Nxc5 Qc4+ 0-1

[Event "*** SCC Grand Prix: Titled Tuesday Blitz"]
[Site "Chess.com"]
[Date "2020.09.08"]
[Round "1"]
[White "nitpicker"]
[Black "el-roedor"]
[Result "0-1"]
[WhiteElo "2242"]
[BlackElo "2572"]
[TimeControl "180+1"]
[EndTime "10:06:48 PDT"]
[Termination "el-roedor won by resignation"]

1. d4 Nf6 2. c4 e6 3. Nf3 Bb4+ 4. Nbd2 O-O 5. e3 b6 6. a3 Be7 7. b4 Bb7 8. Bb2 d5 9. Bd3 Nbd7 10. O-O c5 11. b5 Rc8 12. Qe2 cxd4 13. Nxd4 Nc5 14. Bc2 dxc4 15. Nxc4 Qd5 16. f3 Rfd8 17. Rfd1 Qh5 18.
a4 Bd5 19. a5 Bxc4 20. Qxc4 Bd6 21. g3 Qh6 22. Qe2 Be5 23. axb6 axb6 24. Ra6 Bxd4 25. Bxd4 Nxa6 26. bxa6 Nd5 27. Bd3 g6 28. Bb5 Nc3 29. Bxc3 Rxd1+ 30. Qxd1 Qxe3+ 31. Kg2 Qxc3 32. a7 Qb2+ 33. Qe2 Qxe2+ 34. Bxe2 Ra8 35. Bb5 Rxa7 36. Kf2 Kf8 37. Ke3 Ke7 38. h4 Kd6 39. Bd3 h6 0-1

[Event "*** SCC Grand Prix: Titled Tuesday Blitz"]
[Site "Chess.com"]
[Date "2020.09.08"]
[Round "1"]
[White "poppy73"]
[Black "Meri-Arabidze"]
[Result "1-0"]
[WhiteElo "2258"]
[BlackElo "2554"]
[TimeControl "180+1"]
[EndTime "10:06:48 PDT"]
[Termination "poppy73 won by resignation"]

1. e4 c5 2. Nf3 e6 3. d4 cxd4 4. Nxd4 Nc6 5. Nc3 a6 6. Be2 Nf6 7. O-O d6 8. Be3 Be7 9. f4 O-O 10. a4 Bd7 11. f5 Nxd4 12. Bxd4 e5 13. Be3 Bc6 14. Bf3 h6 15. a5 Rc8 16. Qd3 Qc7 17.
Bb6 Qb8 18. Rfd1 Nd7 19. Nd5 Bxd5 20. exd5 Nxb6 21. axb6 Rce8 22. c4 Qd8 23. Qb3 Bg5 24. Be4 Qf6 25. Qc3 h5 26. b4 Qh6 27. Rd3 Rc8 28. c5 Bd8 29. Qa3 Qf4 30. Re1 h4 31. Qa5 h3 32. g3 Qg4 33. c6 g6 34. c7 Bg5 35. b5 axb5 36. Qxb5 gxf5 37. Bf3 e4 38. Bxg4 exd3 39. Bxf5 d2 40. Rd1 Rce8 41.
Qxe8 Rxe8 42. c8=Q Rxc8 43. Bxc8 Be3+ 44. Kf1 Bxb6 45. Rxd2 Bc5 46. Bxb7 Kg7 47. Bc8 1-0

[Event "*** SCC Grand Prix: Titled Tuesday Blitz"]
[Site "Chess.com"]
[Date "2020.09.08"]
[Round "1"]
[White "Rodchenkov_Vitalij"]
[Black "Sacbutt"]
[Result "1-0"]
[WhiteElo "2562"]
[BlackElo "2227"]
[TimeControl "180+1"]
[EndTime "10:06:48 PDT"]
[Termination "Rodchenkov_Vitalij won by resignation"]

1. d4 e5 2. dxe5 Nc6 3. Nf3 Qe7 4. Nc3 Nxe5 5. e4 c6 6. Bf4 d6 7.
Be2 Nf6 8. O-O Qc7 9. Nd4 Be7 10.
Qd2 O-O 11. Rad1 b5 12. f3 a6 13. Rfe1 c5 14. Nb3 Be6 15. Bf1 Rfd8 16. Qf2 Rab8 17. Kh1 h6 18. Nc1 b4 19. Nd5 Bxd5 20. exd5 a5 21.
Ne2 Bf8 22. Ng3 Ng6 23. Bc1 c4 24. Nf5 a4 25. Qd4 c3 26. b3 axb3 27. axb3 Nd7 28. f4 Nc5 29. Bc4 Re8 30. Qf2 Qd7 31. Nd4 Rxe1+ 32.
Rxe1 Re8 33. h3 Rxe1+ 34. Qxe1 Qe7 35. Qxe7 Nxe7 36. Nc6 Nxc6 37. dxc6 d5 38. c7 1-0

[Event "*** SCC Grand Prix: Titled Tuesday Blitz"]
[Site "Chess.com"]
[Date "2020.09.08"]
[Round "1"]
[White "Onischuk_V"]
[Black "LedakovAlexandr"]
[Result "1-0"]
[WhiteElo "2956"]
[BlackElo "2461"]
[TimeControl "180+1"]
[EndTime "10:06:49 PDT"]
[Termination "Onischuk_V won by resignation"]

1. e4 Nc6 2. Nf3 d6 3. d4 g6 4. Nc3 Bg7 5. h3 Nf6 6. Be2 O-O 7. O-O Re8 8. d5 Nb8 9. Re1 c6 10. Bc4 b5 11. Bb3 a6 12. a4 b4 13. Nb1 cxd5 14.
exd5 Bb7 15. a5 Nbd7 16. Bg5 Rc8 17. Ra4 Rc5 18. Be3 Rxa5 19. Rxb4 Bxd5 20. Nd4 Bxb3 21.
Rxb3 Rd5 22. Qf3 Ne5 23. Qe2 Qc7 24. Nc3 Ra5 25. Rb4 Nc6 26. Rc4 Nxd4 27. Bxd4 Qd7 28. Bb6 Re5 29. Be3 d5 30. Ra4 Rc8 31. Qxa6 h5 32. Rd1 Rxe3 33. fxe3 Rxc3 34. bxc3 Qe6 35. Qxe6 fxe6 36. Kf2 Kf7 37. Kf3 Nd7 38. c4 Nb6 39.
Rb4 Nxc4 40. Rxc4 dxc4 41. Rd7 Be5 42. Ke4 Bf6 43. Rc7 c3 44. Rc6 h4 45. Kd3 g5 46. Ke4 Bg7 47. Kf3 Bf6 48. Kg4 Ke8 49. Rxe6 Kd7 50. Re4 Kd6 51. Kf5 Kd5 52. Ra4 1-0

[Event "*** SCC Grand Prix: Titled Tuesday Blitz"]
[Site "Chess.com"]
[Date "2020.09.08"]
[Round "1"]
[White "PSvidler"]
[Black "GameOverBro"]
[Result "1-0"]
[WhiteElo "2921"]
[BlackElo "2452"]
[TimeControl "180+1"]
[EndTime "10:06:49 PDT"]
[Termination "PSvidler won on time"]

1. e4 d6 2. d4 Nf6 3. Nc3 e5 4. Nf3 Nbd7 5. Bc4 Be7 6. O-O c6 7. a4 h6 8. Re1 Qc7 9. Be3 Nf8 10. a5 Ng6 11. h3 O-O 12. Qe2 Nh5 13. g3 Bxh3 14.
Nh4 Nhf4 15. Bxf4 Bxh4 16. Be3 Bf6 17. Qh5 Bd7 18. Qxg6 d5 19. Nxd5 cxd5 20. Bxd5 exd4 21. Bf4 Qxc2 22. Rac1 Qxb2 23. Rc7 Bc6 24. Bxf7+ Kh8 25.
Bxh6 Rxf7 26. Qxf7 d3 27. e5 Bxe5 28. Qh5 Kg8 29.
Bc1 Qc3 30. Qxe5 Qxe5 31. Rxe5 1-0

[Event "*** SCC Grand Prix: Titled Tuesday Blitz"]
[Site "Chess.com"]
[Date "2020.09.08"]
[Round "1"]
[White "YoreDea"]
[Black "Ural_bogatyr"]
[Result "1-0"]
[WhiteElo "2653"]
[BlackElo "2321"]
[TimeControl "180+1"]
[EndTime "10:06:49 PDT"]
[Termination "YoreDea won by resignation"]

1. e4 e5 2. Nf3 Nc6 3. d4 exd4 4. Bc4 Nf6 5. O-O Nxe4 6. Re1 d5 7. Bxd5 Qxd5 8.
Nc3 Qd8 9. Rxe4+ Be7 10. Nxd4 f5 11. Rf4 Bd6 12. Nxc6 bxc6 13. Ra4 O-O 14. Be3 f4 15. Bxa7 Qg5 16. Ne4 Qg6 17. Nxd6 cxd6 18. f3 Rf7 19. Qd4 c5 20. Qc4 Be6 21. Qb5 Qxc2 22. Re1 Bd7 23. Qb7 Qxa4 24. Qxa8+ Rf8 25. Qd5+ Kh8 26. Qxd6 Rg8 27.
Bxc5 Bf5 28. Bd4 Qxa2 29. Bxg7+ Rxg7 30. Re8+ Qg8 31. Rxg8+ Kxg8 32. Qd5+ Rf7 33. b4 Kg7 34. Qe5+ Kg6 35. Qxf4 Rd7 36. b5 Rd1+ 37. Kf2 Rb1 38. Qd6+ Kg7 39. g4 Bg6 40. b6 h6 41. Qc7+ Kf6 42.
b7 Kg5 1-0

[Event "*** SCC Grand Prix: Titled Tuesday Blitz"]
[Site "Chess.com"]
[Date "2020.09.08"]
[Round "1"]
[White "rakshi2005"]
[Black "BanjoKazooieN64"]
[Result "0-1"]
[WhiteElo "2253"]
[BlackElo "2578"]
[TimeControl "180+1"]
[EndTime "10:06:50 PDT"]
[Termination "BanjoKazooieN64 won by resignation"]

1. e4 e5 2. Nf3 Nc6 3. Bc4 Bc5 4.
O-O d6 5. h3 Nf6 6. c3 O-O 7.
d3 a6 8. Bb3 b5 9. Re1 Be6 10.
Bc2 Bb6 11. Qd2 Re8 12. Qe2 d5 13. Bg5 d4 14. cxd4 Nxd4 15. Nxd4 Bxd4 16. Nc3 h6 17. Be3 c5 18. Rac1 Rc8 19. f4 exf4 20. Bxd4 Qxd4+ 21. Kh1 b4 22. Nd1 Bxa2 23. b3 a5 24. Nf2 a4 25.
bxa4 b3 26. Bb1 b2 27. Rc2 Bxb1 28. Rxb1 c4 29. dxc4 Nxe4 30. Nxe4 Rxe4 31. Qd2 Qxd2 32. Rxd2 Rexc4 33. Rdxb2 Rxa4 34. Rb7 Rac4 35. Kh2 Rc2 36. Rd1 f3 37. Kg3 fxg2 38. Rg1 R8c3+ 39. Kh2 Rf3 40. Rb8+ Kh7 41. Rb4 Rcc3 42. Rxg2 Rxh3+ 43. Kg1 Rhg3 44. Rxg3 Rxg3+ 45. Kh2 Rg5 0-1

[Event "*** SCC Grand Prix: Titled Tuesday Blitz"]
[Site "Chess.com"]
[Date "2020.09.08"]
[Round "1"]
[White "Rap_woyska"]
[Black "Caracternin123"]
[Result "0-1"]
[WhiteElo "2348"]
[BlackElo "2681"]
[TimeControl "180+1"]
[EndTime "10:06:51 PDT"]
[Termination "Caracternin123 won by resignation"]

1. c4 e6 2. Nf3 d5 3. e3 Nf6 4. b3 b6 5. Bb2 Bb7 6. Nc3 Nbd7 7.
cxd5 exd5 8. d4 a6 9. Bd3 Bd6 10. O-O O-O 11. Rc1 Qe7 12. Ne2 Ne4 13. Nf4 f5 14. b4 g5 15. Nh5 c6 16. a3 Rae8 17.
Rc2 Qf7 18. Ng3 f4 19. Nxe4 dxe4 20. Bc4 exf3 21. gxf3 Re6 22. Bxe6 Qxe6 23. e4 Qh3 24. Kh1 Be7 25. Rg1 h6 26. Rg2 Nf6 27. Re2 Rd8 28. Rd2 Kh7 29. Qc2 Kg8 30. Qd1 Rd7 31.
d5 cxd5 32. Bxf6 Bxf6 33. exd5 Rd6 34. Rd3 h5 35. Qe2 Kf7 36. Qd1 Qf5 37. Qb3 Rxd5 38.
Rxd5 Bxd5 39. Qd1 Bc6 40. h3 Qxh3+ 41. Kg1 Bxf3 42. Qb3+ Kg7 43. Rh2 Qg4+ 44. Kf1 Be2+ 45. Ke1 Qg1+ 46. Kxe2 Qxh2 47. Qe6 Qh4 48. Qd7+ Kh6 49.
Qf7 Qg4+ 50. f3 Qf5 51. Qf8+ Kg6 52. Qe8+ Kg7 53. Qd7+ Qxd7 0-1

[Event "*** SCC Grand Prix: Titled Tuesday Blitz"]
[Site "Chess.com"]
[Date "2020.09.08"]
[Round "1"]
[White "OminousOmen"]
[Black "dbrankovic68"]
[Result "1-0"]
[WhiteElo "2930"]
[BlackElo "2457"]
[TimeControl "180+1"]
[EndTime "10:06:52 PDT"]
[Termination "OminousOmen won by resignation"]

1. d4 Nf6 2. c4 g6 3. Nc3 Bg7 4. e4 d6 5. f4 O-O 6. Nf3 c5 7. d5 e5 8. dxe6 fxe6 9. g3 Nc6 10. Bg2 a6 11. O-O Qe7 12. h3 Nh5 13. Kh2 Rb8 14.
a4 b6 15. Ne2 Na5 16. Qc2 Bb7 17. g4 Nf6 18. Ng3 d5 19. cxd5 exd5 20. e5 Ne4 21. Nxe4 dxe4 22. Ng5 e3 23. Bxb7 Rxb7 24. Bxe3 Bxe5 25.
Kg2 Bg7 26. Rae1 Qd6 27. f5 gxf5 28. Rxf5 Rxf5 29. Qxf5 Bxb2 30. Bf4 Qd7 31. Re6 Nc6 32. Qe4 Bg7 33. Qxh7+ Kf8 34. Bd6+ 1-0

[Event "*** SCC Grand Prix: Titled Tuesday Blitz"]
[Site "Chess.com"]
[Date "2020.09.08"]
[Round "1"]
[White "nrvisakh"]
[Black "MashaFromRussia"]
[Result "1-0"]
[WhiteElo "2740"]
[BlackElo "2379"]
[TimeControl "180+1"]
[EndTime "10:06:52 PDT"]
[Termination "nrvisakh won by resignation"]

1. e4 c5 2. Nf3 Nc6 3. d4 cxd4 4.
Nxd4 Nf6 5. Nc3 e5 6. Ndb5 d6 7. Nd5 Nxd5 8. exd5 Ne7 9. c4 Ng6 10. Be2 Be7 11. O-O O-O 12. Be3 a6 13. Nc3 Bg5 14.
Qd2 Bxe3 15. fxe3 f5 16. Bd3 f4 17. Bxg6 hxg6 18. exf4 exf4 19. Rxf4 Rxf4 20. Qxf4 Qb6+ 21. Qf2 Qb4 22. Re1 Bf5 23. Qe2 Rf8 24. Rf1 Qb6+ 25. Kh1 Qd4 26. h3 Qh4 27. Kh2 Qd4 28. Rf3 Rc8 29.
Rxf5 gxf5 30. Qe6+ Kh7 31. Qxf5+ g6 32. Qxc8 Qf4+ 33. Kg1 Qe3+ 34. Kf1 Qc1+ 35. Ke2 Qc2+ 36. Ke3 Qc1+ 37. Kd3 Qf1+ 38. Kc2 Qxg2+ 39. Kb3 b5 40.
cxb5 axb5 41. Qg4 Qd2 42. a3 Qd3 43. h4 Qd2 44. h5 gxh5 45. Qxh5+ Kg7 46. Qg4+ Kh7 47.
Qd7+ Kh8 48. Qxd6 1-0

[Event "*** SCC Grand Prix: Titled Tuesday Blitz"]
[Site "Chess.com"]
[Date "2020.09.08"]
[Round "1"]
[White "renehp"]
[Black "jamik13"]
[Result "1-0"]
[WhiteElo "2538"]
[BlackElo "2194"]
[TimeControl "180+1"]
[EndTime "10:06:52 PDT"]
[Termination "renehp won on time"]

1. e4 e5 2. Nf3 Nc6 3. d4 exd4 4. Nxd4 Bc5 5. Nb3 Bb6 6. Nc3 Nge7 7. Bg5 h6 8. Bh4 d6 9. Qe2 Nd4 10. Nxd4 Bxd4 11. Qd2 Bxc3 12. Qxc3 O-O 13. O-O-O Qe8 14. f4 Ng6 15. Bg3 Qxe4 16. Bd3 Qxg2 17. Rhg1 Qc6 18.
Qd2 Bg4 19. Rdf1 Rae8 20. f5 Ne7 21. f6 Ng6 22. fxg7 Kxg7 23. Bxg6 fxg6 24. Qd4+ Kh7 25. Qxg4 Re4 26. Qd1 Qe8 27. Rxf8 Qxf8 28. Rf1 Qe7 29.
Qd5 Re6 30. b3 c6 31. Qd3 d5 32. Kb2 Re4 33. Qf3 Kg7 34. Bf2 a5 35. c3 Re2+ 36. Kb1 Qe4+ 37. Qxe4 dxe4 38. Bd4+ Kg8 39. Rf6 Rxh2 40.
Rxg6+ Kf8 41. Re6 1-0

[Event "*** SCC Grand Prix: Titled Tuesday Blitz"]
[Site "Chess.com"]
[Date "2020.09.08"]
[Round "1"]
[White "francyIM"]
[Black "Kotofeyca"]
[Result "1-0"]
[WhiteElo "2712"]
[BlackElo "2361"]
[TimeControl "180+1"]
[EndTime "10:06:53 PDT"]
[Termination "francyIM won by resignation"]

1. d4 d5 2. c4 c6 3. Nf3 Nf6 4. e3 a6 5. Nc3 Bg4 6. Qb3 b5 7.
cxd5 Bxf3 8. gxf3 cxd5 9. a4 bxa4 10. Qxa4+ Nbd7 11. Bb5 e6 12. Bc6 Rb8 13. Qxa6 Rb6 14. Qa8 Rb8 15. Qa6 Rb6 16. Qa4 Rb4 17. Qa5 Bd6 18. Nb5 Qxa5 19. Rxa5 Bb8 20. Ra2 Rc4 21. Bxd7+ Kxd7 22. Bd2 Rhc8 23. Ke2 Bd6 24. Ra7+ Bc7 25. b3 Rc6 26. Ba5 Ne8 27. Kd2 Kd8 28. Nxc7 Nxc7 29.
Rc1 Rxc1 30. Kxc1 Kd7 31. Kb2 Kc6 32. Bxc7 Rxc7 33. Rxc7+ Kxc7 34. Ka3 Kc6 35. Ka4 Kb6 36. Kb4 h5 37. f4 h4 38. Ka4 h3 39. Kb4 f6 40. Ka4 g5 41. fxg5 fxg5 42. f3 Ka6 43.
b4 Kb6 44. b5 Kb7 45. Ka5 Kc7 46. Ka6 g4 47. fxg4 Kb8 48. b6 1-0

[Event "*** SCC Grand Prix: Titled Tuesday Blitz"]
[Site "Chess.com"]
[Date "2020.09.08"]
[Round "1"]
[White "Anna_ChessMate"]
[Black "LubovMarkelova"]
[Result "1-0"]
[WhiteElo "2534"]
[BlackElo "2192"]
[TimeControl "180+1"]
[EndTime "10:06:54 PDT"]
[Termination "Anna_ChessMate won by resignation"]

1. d4 d5 2. c4 c6 3. Nc3 Nf6 4. Nf3 e6 5. Bg5 Nbd7 6. e3 h6 7. Bh4 Be7 8. Qc2 O-O 9. O-O-O b6 10. cxd5 cxd5 11. Kb1 Bb7 12. Bd3 Rc8 13. Nd2 Ne4 14. Bxe4 Bxh4 15. Bh7+ Kh8 16. g3 Be7 17. Bd3 Nf6 18.
Ka1 Bb4 19. Ndb1 Ne4 20. Bxe4 dxe4 21. Qa4 Qe7 22. Rc1 Bd5 23. Nxd5 exd5 24. Qa6 Rxc1 25.
Rxc1 Qf6 26. a3 Ba5 27. Rc2 Be1 28.
Qe2 Ba5 29. b4 Bxb4 30. axb4 a5 31. b5 Qe7 32. Qd2 a4 33. Rc6 a3 34. Qc3 a2 35.
Nd2 Kh7 36. Kxa2 Ra8+ 37. Kb2 Qa3+ 38. Qxa3 1-0

[Event "*** SCC Grand Prix: Titled Tuesday Blitz"]
[Site "Chess.com"]
[Date "2020.09.08"]
[Round "1"]
[White "KarstenHansch"]
[Black "Sultanasharminshirin"]
[Result "1-0"]
[WhiteElo "2489"]
[BlackElo "1997"]
[TimeControl "180+1"]
[EndTime "10:06:54 PDT"]
[Termination "KarstenHansch won on time"]

1. e4 c5 2. Nf3 e6 3. c3 d5 4. exd5 Qxd5 5. d4 Nf6 6. Na3 Nc6 7. Be3 cxd4 8. Nb5 Qd8 9. Nbxd4 Bd7 10. Nxc6 Bxc6 11.
Qxd8+ Rxd8 12. Bxa7 Bd6 13. Bb6 Ra8 14. Nd4 Ke7 15.
a3 Nd5 16. Nxc6+ bxc6 17. Be3 Rhb8 18. O-O-O Nxe3 19. fxe3 Bc5 20. Re1 Rd8 21. Bc4 Rd7 22. Re2 Rad8 23. Bb3 g6 24. Rd1 Rxd1+ 25. Bxd1 Rd3 26.
e4 e5 27. Bc2 Rd7 28. b4 Bb6 29. a4 Bg1 30. h3 f6 31. Kb2 Ke6 32. Bb3+ Ke7 33.
Bc4 h5 34. a5 h4 35. Kc2 Kf8 36. Bd3 1-0

[Event "*** SCC Grand Prix: Titled Tuesday Blitz"]
[Site "Chess.com"]
[Date "2020.09.08"]
[Round "1"]
[White "Paladin61"]
[Black "kasparicy"]
[Result "1-0"]
[WhiteElo "2640"]
[BlackElo "2315"]
[TimeControl "180+1"]
[EndTime "10:06:57 PDT"]
[Termination "Paladin61 won on time"]

1. b3 Nf6 2. Bb2 d5 3. Nf3 g6 4. c4 c6 5. g3 Bg7 6. Bg2 O-O 7. O-O a5 8. Nc3 Ne4 9. d4 Bf5 10. e3 Nxc3 11. Bxc3 Be4 12. Bh3 a4 13. Ng5 axb3 14.
axb3 Rxa1 15. Bxa1 f5 16. Ne6 Qc8 17. Nxf8 dxc4 18.
bxc4 c5 19. d5 Bxa1 20. Qxa1 Qxf8 21. f3 Bd3 22. Rc1 Na6 23. e4 Nb4 24. Qe5 Qf6 25.
Qxf6 exf6 26. exf5 gxf5 27. Kf2 Kf7 28. Ke3 Ke7 29. Kf4 b5 30. Re1+ Kd7 31. Bxf5+ 1-0

[Event "*** SCC Grand Prix: Titled Tuesday Blitz"]
[Site "Chess.com"]
[Date "2020.09.08"]
[Round "1"]
[White "LawrenceTrent"]
[Black "NMZanette"]
[Result "1-0"]
[WhiteElo "2532"]
[BlackElo "2186"]
[TimeControl "180+1"]
[EndTime "10:06:58 PDT"]
[Termination "LawrenceTrent won on time"]

1. e4 e5 2. Nf3 Nc6 3. Bc4 Nf6 4.
Ng5 d5 5. exd5 Na5 6. Bb5+ c6 7. dxc6 bxc6 8. Bd3 h6 9. Ne4 Nd5 10. O-O Be7 11.
Nbc3 O-O 12. Ng3 f5 13. Qh5 Nf4 14. Qd1 Nxd3 15. cxd3 Qxd3 16. f4 e4 17. Nh5 Bc5+ 18.
Kh1 Ba6 19. Re1 Rad8 20. Qa4 Bf2 21. Re2 Bd4 22. Ng3 Bxc3 23. bxc3 Qb5 24. Qxb5 Bxb5 25.
Re1 Nc4 26. a4 Ba6 27. Nf1 Rb8 28. h3 g5 29. fxg5 hxg5 30. Ne3 Nxe3 31. Rxe3 Rfe8 32.
Rg3 g4 33. Ba3 Rb3 34. Bd6 Re6 35. Bf4 Rg6 36. Re1 Bd3 37. Be3 Kf7 38. Bxa7 Ra3 39.
Be3 Rxa4 40. Bf4 gxh3 41. gxh3 Rxg3 42. Bxg3 Ra8 43. Bf4 Rh8 44. Kh2 Rg8 45. Ra1 e3 46.
Bxe3 Be4 47. h4 Rg2+ 48. Kh3 Re2 49. h5 Bf3 50. h6 Bg4+ 51. Kg3 Kg6 52. Ra7 Rxe3+ 53.
dxe3 1-0

[Event "*** SCC Grand Prix: Titled Tuesday Blitz"]
[Site "Chess.com"]
[Date "2020.09.08"]
[Round "1"]
[White "Makswolf200817"]
[Black "Sychev_Klementy"]
[Result "0-1"]
[WhiteElo "2432"]
[BlackElo "2871"]
[TimeControl "180+1"]
[EndTime "10:06:59 PDT"]
[Termination "Sychev_Klementy won by resignation"]

1. d4 Nf6 2. c4 g6 3. Nf3 Bg7 4.
g3 d5 5. cxd5 Nxd5 6. Bg2 Nb6 7.
Nc3 Nc6 8. O-O Kf8 9. e3 Kg8 10. Qe2 e5 11. d5 Ne7 12. e4 h5 13. h4 Bg4 14. Be3 c6 15. Rfd1 cxd5 16. exd5 Nf5 17.
Bc5 Rc8 18. Ne4 Nd7 19. Ba3 Nd4 20. Qd3 f5 21. Nd6 e4 22. Qe3 Nc2 23. Qf4 exf3 24. Nxc8 fxg2 25. Ne7+ Kh7 26. Bd6 Nxa1 27. Rxa1 Re8 28.
Re1 Ne5 29. Rxe5 Qxd6 30. Re6 Qxf4 31. gxf4 Bf3 32. d6 Rd8 33. d7 Rxd7 34. Nxg6 0-1

[Event "*** SCC Grand Prix: Titled Tuesday Blitz"]
[Site "Chess.com"]
[Date "2020.09.08"]
[Round "1"]
[White "mr_gustavo"]
[Black "thedjoker98"]
[Result "0-1"]
[WhiteElo "2273"]
[BlackElo "2604"]
[TimeControl "180+1"]
[EndTime "10:06:59 PDT"]
[Termination "thedjoker98 won on time"]

1. e4 e5 2. Nf3 Nc6 3. Bb5 g6 4.
O-O Bg7 5. c3 d6 6. d4 Bd7 7. Re1 Nf6 8. Nbd2 O-O 9. Nf1 Nxd4 10.
Nxd4 exd4 11. Bxd7 Qxd7 12. cxd4 c6 13. Bf4 d5 14. e5 Ne8 15. Qd3 Nc7 16. Rad1 Rae8 17. Bg3 f5 18. exf6 Bxf6 19. Nd2 Ne6 20. Nf3 Qg7 21. Be5 Bxe5 22. Nxe5 Nf4 23. Qg3 g5 24. f3 Re6 25. Qf2 Rfe8 26. Kf1 c5 27. g3 Nh3 28. Qg2 cxd4 29. Nd3 Rxe1+ 30. Rxe1 Rxe1+ 31. Kxe1 Qd7 32.
Qe2 g4 33. f4 Ng1 34. Qf2 Nf3+ 35. Kf1 Qf5 36. Qe2 Qe4 37. Ne5 Nxe5 38. fxe5 Qh1+ 39. Kf2 Qxh2+ 40. Ke1 Qxg3+ 41. Kd2 Qe3+ 42. Qxe3 dxe3+ 43. Kxe3 Kf7 44. Kd4 Ke6 0-1